 Dungeon Crawl Stone Soup version 0.24-a0-203-gf0bc1e94ae (webtiles) character file.

Game seed: 11945846914382871125

194804 Orphidia the Severer (level 18, -9/168 HPs)
             Began as a Naga Venom Mage on Mar 26, 2019.
             Was the Champion of Cheibriados.
             Mangled by a vault warden
             ... wielding a +2 great mace of holy wrath
              (31 damage)
             ... on level 1 of the Vaults.
             The game lasted 02:03:34 (41617 turns).

Orphidia the Severer (Naga Venom Mage)             Turns: 41617, Time: 02:03:35

Health: -9/168     AC: 13    Str: 26    XL:     18   Next: 31%
Magic:  9/27       EV: 19    Int: 37    God:    Cheibriados [******]
Gold:   2737       SH:  0    Dex: 28    Spells: 5/29 levels left

rFire    . . .     SeeInvis +   a - +5 battleaxe (flame)
rCold    + . .     Gourm    .   (shield currently unavailable)
rNeg     . . .     Faith    .   q - +2 robe {MR+}
rPois    +         Spirit   .   n - +1 helmet
rElec    .         Reflect  .   u - +1 cloak
rCorr    .         Harm     .   (no gloves)
MR       +++..                  (no barding)
Stlth    +++.......             J - amulet of magic regeneration
HPRegen  0.38/turn              L - ring of protection from cold
MPRegen  0.45/turn              U - +2 ring of slaying

@: about to teleport, marked, very slow
A: large, see invisible, deformed body, poison resistance, slowness 2, slow
metabolism 1, spit poison 1, constrict 1, AC +6
}: 1/15 runes: gossamer
a: Spit Poison, Bend Time, Temporal Distortion, Slouch, Step From Time, Renounce
Religion


You were on level 1 of the Vaults.
You worshipped Cheibriados.
Cheibriados was exalted by your worship.
You were very hungry.

You visited 6 branches of the dungeon, and saw 29 of its levels.
You also visited: Sewer and Volcano.

You collected 3292 gold pieces.
You spent 555 gold pieces at shops.


Innate Abilities, Weirdness & Mutations

You cannot wear boots.
Your serpentine skin is tough. (AC +6)
You have supernaturally acute eyesight. (SInv)
Armour fits poorly on your strangely shaped body.
Your system is resistant to poisons. (rPois)
You cover ground very slowly.
You have a slow metabolism.
You can spit poison.
You can use your snake-like lower body to constrict enemies.


   Skills:
 - Level 12.0 Fighting
 - Level 20.0 Axes
 + Level 9.1 Dodging
 - Level 3.0 Stealth
 - Level 6.0 Spellcasting
 - Level 9.0 Conjurations
 + Level 9.2 Necromancy
 - Level 9.1 Poison Magic
 - Level 9.0 Invocations
 - Level 9.0 Evocations


You had 5 spell levels left.
You knew the following spells:

 Your Spells              Type           Power        Failure   Level  Hunger
b - Blink                 Tloc           N/A          4%          2    None
A - Borgnjor's Vile Clut  Necr/Erth      #####.....   14%         5    ####...
B - Poisonous Vapours     Pois/Air       #####.       1%          2    None
C - Mephitic Cloud        Conj/Pois/Air  ######..     1%          3    None
D - Olgreb's Toxic Radia  Pois           ######..     1%          4    ##.....
E - Venom Bolt            Conj/Pois      ######....   2%          5    ####...
F - Conjure Flame         Conj/Fire      #####...     1%          3    None

Your spell library contained the following spells:

 Spells                   Type           Power        Failure   Level  Hunger
 Animate Skeleton         Necr           N/A          1%          1    None
 Magic Dart               Conj           ####         1%          1    None
 Pain                     Necr           ####         1%          1    None
 Sting                    Conj/Pois      ####         1%          1    None
 Throw Frost              Conj/Ice       #####.       1%          2    None
 Regeneration             Chrm/Necr      #####.....   1%          3    None
 Vampiric Draining        Necr           ######....   1%          3    None
 Animate Dead             Necr           N/A          1%          4    ##.....
 Freeze                   Ice            ##..         3%          1    None
 Infusion                 Chrm           ##..         3%          1    None
 Call Imp                 Summ           ##......     4%          2    None
 Shroud of Golubria       Chrm/Tloc      ##........   4%          2    None
 Slow                     Hex            ##......     4%          2    None
 Song of Slaying          Chrm           ##......     4%          2    None
 Throw Icicle             Conj/Ice       #####...     4%          4    ##.....
 Ozocubu's Armour         Chrm/Ice       ##......     10%         3    None
 Recall                   Summ/Tloc      N/A          10%         3    None
 Spectral Weapon          Hex/Chrm       ##......     10%         3    None
 Summon Ice Beast         Ice/Summ       ##......     32%         4    ##.....
 Death Channel            Necr           ######....   12%         6    ######.
 Simulacrum               Ice/Necr       #####.....   58%         6    ######.

Action                   |  1- 3 |  4- 6 |  7- 9 | 10-12 | 13-15 | 16-18 || total
-------------------------+-------+-------+-------+-------+-------+-------++-------
Melee: Unarmed           |     1 |       |       |       |       |       ||     1
       Hand axe          |    38 |    67 |       |       |       |       ||   105
       Flail             |       |    38 |   216 |   106 |       |       ||   360
       Battleaxe         |       |       |       |   143 |   413 |   400 ||   956
       Constrict         |       |       |       |       |    95 |    91 ||   186
Throw: Tomahawk          |       |       |     6 |    24 |    19 |       ||    49
       Javelin           |       |       |       |       |     4 |     7 ||    11
 Cast: Sting             |     9 |     5 |    17 |    21 |       |       ||    52
       Poisonous Vapours |    21 |    60 |    68 |   132 |    90 |    50 ||   421
       Mephitic Cloud    |       |       |    12 |    10 |     6 |    18 ||    46
       Olgreb's Toxic Ra |       |       |    14 |    37 |    43 |    77 ||   171
       Conjure Flame     |       |       |     4 |     5 |    12 |     3 ||    24
       Venom Bolt        |       |       |     3 |    19 |   105 |    85 ||   212
       Blink             |       |       |       |     8 |       |     9 ||    17
       Borgnjor's Vile C |       |       |       |       |       |    10 ||    10
Invok: Temporal Distorti |       |       |       |       |     1 |       ||     1
 Abil: Spit Poison       |    14 |     6 |    13 |     7 |       |       ||    40
Evoke: Wand              |       |       |    12 |    21 |    34 |    16 ||    83
       Phial of floods   |       |       |       |       |     1 |     3 ||     4
       Sack of spiders   |       |       |       |       |       |     1 ||     1
  Use: Scroll            |       |     5 |     3 |    19 |    10 |    12 ||    49
       Potion            |       |       |       |     2 |     3 |    13 ||    18
 Stab: Sleeping          |       |     2 |     2 |     1 |     4 |       ||     9
       Confused          |       |       |     7 |     3 |     7 |     5 ||    22
       Invisible         |       |       |       |     5 |       |    10 ||    15
       Distracted        |       |       |       |       |     1 |     2 ||     3
  Eat: Chunk             |     2 |     9 |    10 |     9 |    16 |     9 ||    55
       Ration            |       |       |     4 |     5 |     9 |     8 ||    26
Armor: Robe              |     4 |    29 |   112 |   174 |    97 |   143 ||   559
       Ring mail         |       |       |     4 |       |       |       ||     4
       Skin              |       |       |       |       |    31 |       ||    31
Dodge: Dodged            |    33 |    72 |   133 |   188 |   195 |   300 ||   921
       Deflected         |       |     4 |     2 |       |       |       ||     6

Inventory:

Hand Weapons
 a - a +5 battleaxe of flaming (weapon)
Missiles
 e - 27 tomahawks
 h - 9 curare-tipped needles
 E - 5 throwing nets
 I - 4 javelins (quivered)
Armour
 i - a +0 robe of cold resistance
 j - a scarf of repulsion
 l - the +3 ring mail of the Shore {rC+}
   (You found it on level 4 of the Dungeon)

   It protects you from cold.
 n - a +1 helmet (worn)
 q - a +2 robe of magic resistance (worn)
 u - a +1 cloak (worn)
 x - a scarf of resistance
Jewellery
 C - a +3 ring of intelligence
 J - an amulet of magic regeneration (around neck)
 L - a ring of protection from cold (left hand)
 N - the ring "Udaac" {rCorr rF++}
   (You found it on level 3 of the Lair of Beasts)

   [ring of resist corrosion]

   It greatly protects you from fire.
 T - a +2 ring of evasion
 U - a +2 ring of slaying (right hand)
Wands
 b - a wand of enslavement (3)
 y - a wand of digging (19)
 z - a wand of acid (10)
 A - a wand of polymorph (1)
 B - a wand of iceblast (26)
 D - a wand of disintegration (10)
 M - a wand of flame (43)
Scrolls
 f - 10 scrolls of remove curse
 s - 2 scrolls of magic mapping
 v - a scroll of fog
 w - 4 scrolls of enchant armour
 G - a scroll of amnesia
 P - 7 scrolls of identify
 S - 2 scrolls of blinking
 X - a scroll of summoning
Potions
 g - 6 potions of curing
 k - a potion of magic
 m - a potion of invisibility
 o - 4 potions of heal wounds
 p - a potion of brilliance
 r - 4 potions of flight
 t - 4 potions of mutation
 F - 5 potions of ambrosia
 H - 3 potions of lignification
 K - 2 potions of resistance
 Q - a potion of cancellation
 R - a potion of might
Miscellaneous
 W - a phial of floods
Comestibles
 c - 21 rations

......
#...................
......
#...................
......
#...................
......
#..###+#########....
...... ....# ##..#
##... ...... ....
##..## #... ......
... ##HH## #...
###### ## #HH## #..#
## #@## #..# .## #p#
#..# ..## #○p #..#
...# ##○. #..# #.##
#.. #..# ...## ###
##..# .>..#
####+####...# ...##
.......#....# #.##
.#####.#..).#


You could see a vault warden, an ironbrand convoker (confused) and 4 harpies.

Vanquished Creatures
  A sphinx (Vaults:1)
  Kirke (Lair:5)
  A tengu reaver (D:11)
  4 ghost moths (Spider:4)
  An orc warlord (Orc:2)
  5 emperor scorpions
  A vault warden (Vaults:1)
  A stone giant (Vaults:1)
  3 entropy weavers
  5 ironheart preservers (Vaults:1)
  3 spark wasps (Spider:4)
  An ettin (D:11)
  Josephine (Lair:5)
  A deep elf death mage (Vaults:1)
  2 fire dragons (Vaults:1)
  11 vault guards
  A yaktaur captain (Vaults:1)
  7 hydras
  Harold (D:8)
  An ice dragon (Vaults:1)
  Erica (Orc:1)
  A death knight (Vaults:1)
  An anaconda (Lair:6)
  A catoblepas (Lair:6)
  2 centaur warriors
  2 ogre magi
  8 death yaks (Lair:6)
  A queen ant (Spider:1)
  5 two-headed ogres
  An orc high priest (Orc:2)
  2 deep elf knights (Vaults:1)
  A hell knight (Volcano)
  6 deep trolls (Vaults:1)
  3 unseen horrors
  8 skeletal warriors
  A salamander mystic (Volcano)
  3 glowing orange brains (Vaults:1)
  A wizard (Vaults:1)
  A lindwurm (Lair:6)
  17 ugly things
  4 deep elf archers (Vaults:1)
  23 wolf spiders
  An ironbrand convoker (Vaults:1)
  10 deep elf magi
  A harpy (Vaults:1)
  19 orb spiders
  10 orc knights
  6 manticores
  A shining eye (shapeshifter) (D:11)
  4 salamanders (Volcano)
  4 orc sorcerers
  7 elephants
  2 cyclopes
  5 centaur zombies
  7 black mambas
  2 moths of wrath
  2 molten gargoyles (Volcano)
  2 torpor snails
  2 vault sentinels (Vaults:1)
  Psyche (D:8)
  A gargoyle (D:11)
  12 spiny frogs
  5 yaktaurs (Vaults:1)
  A kobold demonologist (D:14)
  A spiny frog (shapeshifter) (Vaults:1)
  4 demonic crawlers
  4 komodo dragons
  3 rime drakes
  A tengu conjurer (D:15)
  3 meliai (Spider:2)
  20 jumping spiders
  A merfolk (shapeshifter) (Vaults:1)
  4 trolls
  A blink frog (shapeshifter) (Vaults:1)
  11 hornets
  4 dream sheep (Lair:6)
  Prince Ribbit (D:8)
  6 slime creatures (D:13)
  18 blink frogs
  A meliai zombie (D:13)
  12 hippogriffs
  46 redbacks
  A tarantella (shapeshifter) (Vaults:1)
  A centaur simulacrum (D:14)
  4 wraiths
  22 yaks
  17 tarantellas
  4 wyverns
  2 hogs (Lair:5)
  2 basilisks (Lair:6)
  12 fire bats
  2 hungry ghosts
  5 vampire mosquitoes
  Edmund (D:4)
  4 wargs
  9 soldier ants (Spider:1)
  18 water moccasins
  Duvessa (D:6)
  10 porcupines
  4 ice beasts
  2 sky beasts
  4 black bears
  34 orc warriors
  4 phantoms
  2 necrophages
  17 ogres
  2 eyes of draining
  11 centaurs
  12 crocodiles
  3 big kobolds
  16 bullfrogs
  Blork the orc (D:4)
  A wyvern skeleton (D:12)
  6 scorpions
  Dowan (D:6)
  An orc simulacrum (Vaults:1)
  19 wights
  4 killer bees (D:10)
  3 howler monkeys
  6 electric eels
  8 crimson imps
  A bullfrog zombie (D:6)
  6 lava snakes
  5 jellies
  Crazy Yiuf (D:4)
  22 orc priests
  2 quasits (D:10)
  3 hounds
  4 centaur skeletons
  2 iguanas
  Jessica (D:3)
  2 bullfrog skeletons
  Ijyb (D:5)
  Natasha (twice) (D:3)
  A hell rat (Lair:6)
  27 orc wizards
  25 worker ants
  Robin (D:2)
  3 worker ant zombies
  9 adders
  A shadow imp (D:15)
  3 oozes
  An adder skeleton (D:8)
  An adder zombie (D:6)
  2 worms
  2 dart slugs
  2 leopard geckos
  115 orcs
  11 giant cockroaches
  19 goblins
  6 hobgoblins
  8 jackals
  17 kobolds
  4 quokkas
  A ball python (D:4)
  5 bats
  4 frilled lizards
  A goblin zombie (D:7)
  A hobgoblin zombie (D:7)
  2 kobold skeletons (D:7)
  2 kobold zombies (D:7)
  3 orc zombies (D:7)
  10 rats
  A plant (Lair:6)
1007 creatures vanquished.

Vanquished Creatures (collateral kills)
  An emperor scorpion (Spider:2)
  A deep troll (Vaults:1)
  A freezing wraith (D:15)
  A tarantella (Spider:2)
  2 redbacks (Spider:2)
6 creatures vanquished.

Vanquished Creatures (others)
  A wolf spider (Spider:2)
  A human (Lair:5)
  2 porcupines (D:10)
  A centaur (D:10)
  A big kobold (D:10)
  A bullfrog (D:10)
  A worker ant (D:10)
  69 fungi
  29 plants
106 creatures vanquished.

Grand Total: 1119 creatures vanquished

Levels and vault maps discovered:
D:1:      lightli_arrival_windingriver, layout_loops_ring
D:2:      layout_rooms, chequers_temple_overflow_minitemple, uniq_robin
D:3:      minmay_roachtagon, layout_loops_cross, marbit_many_paths,
          uniq_jessica, uniq_natasha
D:4:      layout_rooms, minmay_temple_entry_proselytizer, portal_sewer_entry_b,
          first_ration, minmay_bisected, uniq_blork_the_orc, uniq_edmund,
          uniq_crazy_yiuf_cottage
D:5:      layout_cave_pools, nicolae_qazlal_style_of_elements, nrook_campfire,
          uniq_ijyb
D:6:      layout_basic, grunt_gozag_breadcrumbs, uniq_duvessa
D:7:      layout_basic, nicolae_tso_besieged_by_evil, minmay_misc_feat_rows,
          grunt_ogre_cave, roderic_roman_lattice, kennysheep_nondescript
D:8:      layout_rooms, dancing_weapons_uskayaw,
          nicolae_ru_the_path_less_chosen,
          chequers_temple_overflow_statue_of_worship, uniq_harold,
          uniq_prince_ribbit1, uniq_psyche
D:9:      minmay_recursive_quarters, layout_irregular_city, serial_shops, shop,
          chequers_serial_rivers_marsh
D:10:     layout_loops_cross, due_lair_maze_entry_diamond, xom_confusion_cloud
D:11:     layout_basic, serial_shops, shop, minivault_25_ag,
          nicolae_ashenzari_panopticon
D:12:     layout_rooms, orc_david_3, uniq_rupert
D:13:     layout_rooms, skrybe_limestone_x, minivault_14
D:14:     layout_loops_ring, erik_vaults_2, small_statue_intersection,
          serial_glass, glass_columns_a, glass_columns_c
D:15:     hangedman_depths_entry_try_elsewhere_first, layout_long_grid,
          nicolae_water_bricks, elyvilon_altar_1
Temple:   nicolae_temple_figure_zero
Lair:1:   layout_gridlike, minmay_lair_oklob_chamber, grunt_megastairs_2
Lair:2:   layout_misc_corridors, nicolae_volcano_entry_batcave,
          serial_bayou_shore_b, lemuel_fruit_tree
Lair:3:   minmay_guarded_unrand_snakebite, layout_chaotic_city,
          spider_nest_entry_rubble
Lair:4:   layout_long_grid, minmay_shoals_entry_beasts, lemuel_fruit_fields
Lair:5:   layout_gridlike, beast_lair_carwin_4, uniq_josephine, uniq_kirke
Lair:6:   hangedman_lair_in_review, layout_regular_city, slime_dummy,
          gammafunk_ghost_hive
Spider:1: layout_spider_delve, minmay_another_anthill
Spider:2: layout_spider_delve, hangedman_spider_tarantella_strand
Spider:3: layout_spider_delve
Spider:4: spider_rune_water
Orc:1:    layout_caves, basic_altar, uniq_erica
Orc:2:    grunt_orc_gardens, layout_caves, grunt_orc_garden, grunt_orc_garden,
          grunt_orc_garden, grunt_orc_garden
Vaults:1: v_rooms_1, v_misc_18, v_misc_27, nicolae_vaults_mini_display_case,
          v_misc_9, nicolae_vaults_rhombus_6, vaults_dpeg_encased_lava,
          ontoclasm_vaults_decontamination, grunt_vaults_twisty,
          nicolae_vaults_circle_grid_a, vaults_room_semicircle,
          nicolae_vaults_asterisk, layout_vaults_omnigrid, serial_shops, shop,
          nicolae_shop_trees, shop_statue, shop, shop
Sewer:    sewer_kobolds
Volcano:  volcano_grotto [vgs_original]


Message History

The harpy claws you but does no damage. The harpy misses you.
The harpy closely misses you. x2; The harpy barely misses you.
The harpy completely misses you.
The vault warden is engulfed in noxious fumes.
The vault warden activates a sealing rune.
The harpy misses you. The harpy claws you.
* * * LOW HITPOINT WARNING * * *
The ironbrand convoker is engulfed in noxious fumes.
The ironbrand convoker hits the vault warden with a +0 morningstar!
You hit the vault warden. You burn the vault warden. You grab the vault warden.
The vault warden is moderately wounded.
You slash the harpy! You burn the harpy. You closely miss the harpy.
You constrict the vault warden. The harpy barely misses you.
The harpy completely misses you. The harpy claws you.
* * * LOW HITPOINT WARNING * * *
The harpy closely misses you. The harpy misses you. The harpy claws you.
* * * LOW HITPOINT WARNING * * *
The vault warden is engulfed in noxious fumes.
The vault warden hits you with a +2 great mace of holy wrath!!
You die...

Notes
Turn   | Place    | Note
-------+----------+-------------------------------------------
     0 | D:1      | Orphidia the Naga Venom Mage began the quest for the Orb.
     0 | D:1      | Reached XP level 1. HP: 15/15 MP: 3/3
   117 | D:1      | Reached XP level 2. HP: 18/22 MP: 1/5
   121 | D:1      | Learned a level 2 spell: Poisonous Vapours
   710 | D:2      | Found a glowing silver altar of Zin.
   710 | D:2      | Found a faded altar of an unknown god.
   726 | D:2      | Found a shadowy altar of Dithmenos.
   728 | D:2      | Found a hazy altar of Hepliaklqana.
   729 | D:2      | Found a faded altar of an unknown god.
   764 | D:2      | Reached XP level 3. HP: 28/28 MP: 1/6
   838 | D:2      | Noticed Robin
   847 | D:2      | Killed Robin
  1019 | D:2      | Learned a level 3 spell: Mephitic Cloud
  1066 | D:2      | Reached XP level 4. HP: 36/36 MP: 3/8
  1257 | D:2      | Reached skill level 5 in Poison Magic
  1543 | D:3      | Noticed Jessica
  1580 | D:3      | Killed Jessica
  1580 | D:3      | Reached XP level 5. HP: 42/42 MP: 4/9
  1971 | D:3      | Noticed a water moccasin
  1978 | D:3      | Noticed Natasha
  1988 | D:3      | Killed Natasha
  2259 | D:3      | Found a deep blue altar of Sif Muna.
  2552 | D:3      | Learned a level 4 spell: Olgreb's Toxic Radiance
  2614 | D:4      | Reached XP level 6. HP: 39/49 MP: 5/11
  2655 | D:4      | Got a distressingly furry ring mail
  2666 | D:4      | Identified the +3 ring mail of the Shore {rC+} (You found
                  | it on level 4 of the Dungeon)
  2748 | D:4      | Noticed Blork the orc
  2757 | D:4      | Killed Blork the orc
  2798 | D:4      | Found a glowing drain.
  2809 | Sewer    | Entered a sewer
  3068 | Sewer    | Found a white marble altar of Elyvilon.
  3205 | D:4      | Noticed a phantom
  3308 | D:3      | Noticed Natasha
  3326 | D:3      | Killed Natasha
  3326 | D:3      | Reached XP level 7. HP: 55/55 MP: 10/13
  3568 | D:4      | Noticed Edmund
  3708 | D:4      | Found a staircase to the Ecumenical Temple.
  3724 | Temple   | Entered the Ecumenical Temple
  3924 | D:4      | Found a runed translucent door.
  3925 | D:4      | Noticed Crazy Yiuf
  3961 | D:4      | Killed Edmund
  4237 | D:4      | Found a staircase to the Ecumenical Temple.
  4580 | D:4      | Found a staircase to the Ecumenical Temple.
  4806 | D:4      | Found a runed translucent door.
  4816 | D:4      | Killed Crazy Yiuf
  4896 | D:5      | Entered Level 5 of the Dungeon
  5040 | D:5      | Reached skill level 1 in Fighting
  5040 | D:5      | Reached XP level 8. HP: 64/64 MP: 3/14
  5263 | D:5      | Noticed Ijyb
  5270 | D:5      | Killed Ijyb
  5858 | D:5      | Found a stormy altar of Qazlal.
  5861 | D:5      | Noticed a water elemental
  5861 | D:5      | Noticed an air elemental
  5927 | D:6      | Reached skill level 5 in Spellcasting
  6204 | D:6      | Noticed Dowan
  6204 | D:6      | Noticed Duvessa
  6232 | D:6      | Killed Dowan
  6326 | D:6      | Killed Duvessa
  6336 | D:6      | Reached skill level 5 in Fighting
  6340 | D:6      | Reached XP level 9. HP: 36/81 MP: 0/18
  6673 | D:6      | Found an opulent altar of Gozag.
  6951 | D:6      | Learned a level 2 spell: Blink
  6957 | D:6      | Learned a level 5 spell: Venom Bolt
  6961 | D:6      | Learned a level 3 spell: Conjure Flame
  7866 | D:7      | Found a glowing golden altar of the Shining One.
  7960 | D:7      | Reached skill level 1 in Evocations
  8325 | D:8      | Noticed a +0 dagger
  8326 | D:8      | Noticed a +0 dagger
  9080 | D:8      | Noticed Harold
  9099 | D:8      | Found a hide-covered altar of Uskayaw.
  9254 | D:8      | Reached skill level 5 in Evocations
  9262 | D:8      | Found a sacrificial altar of Ru.
  9262 | D:8      | Noticed Psyche
  9271 | D:8      | Killed Psyche
  9271 | D:8      | Reached XP level 10. HP: 96/96 MP: 7/19
  9632 | D:8      | Noticed a two-headed ogre
  9780 | D:8      | Found a basalt altar of Yredelemnul.
  9780 | D:8      | Found a sparkling altar of Nemelex Xobeh.
  9781 | D:8      | Found a radiant altar of Vehumet.
  9781 | D:8      | Found a snail-covered altar of Cheibriados.
  9788 | D:8      | Became a worshipper of Cheibriados the Contemplative
 10112 | D:9      | Got an encrusted leather armour
 10123 | D:9      | Identified the +2 leather armour of Piranoh {-Cast Str+6
                  | Int+6} (You found it on level 9 of the Dungeon)
 10326 | D:9      | Found Nuahe's Antique Weapon Emporium.
 10384 | D:9      | Bought a scorched trident for 221 gold pieces
 10384 | D:9      | Identified the +4 trident "Limoag" {speed, +Fly Str+3} (You
                  | bought it in a shop on level 9 of the Dungeon)
 10410 | D:9      | Reached * piety under Cheibriados
 10543 | D:9      | oh chei... speed brand is not that bad LUL
 10969 | D:9      | Noticed a deep elf mage
 11041 | D:9      | Reached skill level 1 in Axes
 11543 | D:10     | Entered Level 10 of the Dungeon
 11551 | D:9      | Reached skill level 2 in Axes
 11812 | D:10     | Reached ** piety under Cheibriados
 11812 | D:10     | Reached skill level 3 in Axes
 12130 | D:10     | Reached skill level 4 in Axes
 12318 | D:10     | Reached skill level 5 in Axes
 12323 | D:10     | Reached XP level 11. HP: 73/103 MP: 15/20
 12335 | D:10     | Reached skill level 6 in Axes
 12574 | D:10     | Found a shimmering altar of Xom.
 12761 | D:10     | Found a staircase to the Lair.
 12843 | D:10     | Reached *** piety under Cheibriados
 13077 | D:11     | Found a shattered altar of Ashenzari.
 13100 | D:11     | Reached skill level 7 in Axes
 13249 | D:11     | Noticed an ogre mage
 13249 | D:11     | Noticed an ettin
 13249 | D:11     | Noticed a tengu reaver
 13249 | D:11     | Noticed a swamp dragon
 13250 | D:11     | that was a bad turn
 13251 | D:11     | and that was A BAD BLINK
 13251 | D:11     | a swamp dragon changed into a komodo dragon
 13501 | Lair:1   | Entered Level 1 of the Lair of Beasts
 13736 | Lair:1   | Reached skill level 8 in Axes
 14082 | Lair:1   | Reached **** piety under Cheibriados
 14126 | Lair:1   | Noticed an oklob plant
 14545 | Lair:1   | Reached skill level 9 in Axes
 14848 | Lair:1   | Reached skill level 5 in Conjurations
 15274 | Lair:2   | Noticed a six-headed hydra
 15285 | Lair:2   | Killed a five-headed hydra
 15285 | Lair:2   | Reached XP level 12. HP: 86/112 MP: 16/21
 15291 | Lair:2   | Found a dark tunnel.
 15300 | Volcano  | Entered a volcano
 15441 | Volcano  | Reached ***** piety under Cheibriados
 15533 | Volcano  | Found a burning altar of Makhleb.
 16487 | Lair:3   | Found a hole to the Spider Nest.
 16743 | Lair:3   | Noticed an eight-headed hydra
 16828 | Lair:3   | Got a vibrating tin ring
 16830 | Lair:3   | Identified the ring "Udaac" {rCorr rF++} (You found it on
                  | level 3 of the Lair of Beasts)
 17169 | Lair:3   | Reached skill level 10 in Axes
 17360 | Lair:3   | Found the +8 whip "Snakebite" {curare, rPois}
 17906 | Lair:3   | Killed an eight-headed hydra
 17906 | Lair:3   | Reached skill level 11 in Axes
 18161 | Lair:4   | Gained mutation: You can use your snake-like lower body to
                  | constrict enemies. [Naga growth]
 18161 | Lair:4   | Reached XP level 13. HP: 93/122 MP: 22/22
 18491 | Lair:4   | Found a staircase to the Shoals.
 18496 | Lair:4   | Reached skill level 12 in Axes
 19047 | Lair:5   | Noticed Kirke
 19053 | Lair:5   | Killed Kirke
 19192 | Lair:5   | Reached ****** piety under Cheibriados
 19192 | Lair:5   | Reached skill level 13 in Axes
 19543 | Lair:5   | Noticed Josephine
 19557 | Lair:5   | Killed Josephine
 20037 | Lair:6   | Entered Level 6 of the Lair of Beasts
 20083 | Lair:6   | Reached skill level 14 in Axes
 20594 | Lair:6   | Found a transporter.
 20594 | Lair:6   | Found a transporter.
 20602 | Lair:6   | Noticed lilly's ghost (journeyman MiMo)
 20816 | Lair:6   | Found a staircase to the Slime Pits.
 20924 | Lair:6   | Reached skill level 15 in Axes
 20924 | Lair:6   | Reached XP level 14. HP: 123/130 MP: 23/23
 22010 | Lair:6   | Reached skill level 1 in Invocations
 22700 | Lair:6   | Reached skill level 5 in Invocations
 23144 | D:8      | Killed Harold
 23241 | D:8      | Noticed Prince Ribbit
 23245 | D:8      | Killed Prince Ribbit
 23678 | D:11     | Found Fyrid's Magic Scroll Emporium.
 23739 | D:11     | Killed a tengu reaver
 24912 | D:12     | Noticed Rupert
 25356 | D:12     | Reached skill level 16 in Axes
 25358 | D:12     | Found a staircase to the Orcish Mines.
 25585 | Orc:1    | Entered Level 1 of the Orcish Mines
 25590 | Orc:1    | Noticed Erica
 25594 | Orc:1    | Killed Erica
 25594 | Orc:1    | Reached skill level 10 in Fighting
 25732 | Orc:2    | Entered Level 2 of the Orcish Mines
 25744 | Orc:2    | Reached XP level 15. HP: 138/138 MP: 16/24
 26181 | Orc:2    | Found Wuattieb's Antique Armour Shoppe.
 26290 | Orc:2    | Found a staircase to the Elven Halls.
 26342 | Orc:2    | Noticed an orc warlord
 26346 | Orc:2    | Killed an orc warlord
 26436 | Orc:2    | Found Xosiexoneo's Book Emporium.
 26775 | Orc:2    | Found Kerhiefy's Antique Weapon Emporium.
 26965 | Orc:2    | Found Mutac's General Store.
 27389 | Orc:1    | Found a bloodstained altar of Trog.
 28909 | D:14     | Found a gate to the Vaults.
 28923 | D:14     | Reached skill level 17 in Axes
 30425 | D:15     | Entered Level 15 of the Dungeon
 30467 | D:15     | Reached XP level 16. HP: 152/152 MP: 19/25
 30542 | D:15     | Reached skill level 18 in Axes
 30841 | D:15     | Found a white marble altar of Elyvilon.
 31999 | Spider:1 | Entered Level 1 of the Spider Nest
 33003 | Spider:1 | Found the +8 demon blade "Leech" {vamp, rN+ AC-3 EV-3}
 33549 | Spider:2 | Reached skill level 19 in Axes
 35958 | Spider:3 | Reached skill level 20 in Axes
 36278 | Spider:3 | Reached XP level 17. HP: 110/159 MP: 20/26
 37071 | Spider:4 | Entered Level 4 of the Spider Nest
 37411 | Spider:4 | Learned a level 5 spell: Borgnjor's Vile Clutch
 37542 | Spider:4 | Reached skill level 1 in Necromancy
 37544 | Spider:4 | Reached skill level 5 in Dodging
 38594 | Spider:4 | Reached skill level 5 in Necromancy
 38603 | Spider:4 | Got a gossamer rune of Zot
 38951 | Vaults:1 | Entered Level 1 of the Vaults
 39060 | Vaults:1 | Found Biedoy's Food Shop.
 39063 | Vaults:1 | Found Cuhyfarch's Distillery.
 39063 | Vaults:1 | Found Zir Zybiz's Gadget Shop.
 39269 | Vaults:1 | Bought a potion of might for 68 gold pieces
 39269 | Vaults:1 | Bought a potion of heal wounds for 85 gold pieces
 39269 | Vaults:1 | Bought a potion of curing for 51 gold pieces
 39291 | Vaults:1 | Noticed a sphinx
 39295 | Vaults:1 | Killed a sphinx
 39583 | Vaults:1 | Found Simmaes's Book Shoppe.
 39625 | Vaults:1 | Found Fockideh's Assorted Antiques.
 39642 | Vaults:1 | Bought a potion of heal wounds for 130 gold pieces
 40122 | Vaults:1 | Reached XP level 18. HP: 155/168 MP: 16/27
 40190 | Vaults:1 | HP: 7/168 [deep elf archer/arrow[an ironheart preserver]
                  | (18)]
 41617 | Vaults:1 | Mangled by a vault warden
